cohdb
Replays
Latest Replays
All Replays
Popular Replays
Top Player Replays
Match Explorer
How It Works
Community
CoH3 Stats
Reddit
Sign in to upload your games and track your stats! →
Sign in with Steam
Match 41998108
Unlisted
Match 41998108
Overview
Messages
Build Orders
End
Selects Italian Coastal Battlegroup
Selects Coastal Reserves
Coastal Reserve
Construct Infanterie Kompanie
MG 42 Machine Gun Team
MG 42 Machine Gun Team
Grenadier Squad
Infanterie Officer Quarters
Coastal Reserve
Construct Panzergrenadier Kompanie
Selects Support Bunkers
251 Medium Carrier
MG 42 Bunker
Support Elements
Grenadier Squad
Nebelwerfer 42 Rocket Launcher Team
StuG III G Assault Gun
Construct Luftwaffe Kompanie
Coastal Reserve
MG 42 Bunker
Wirbelwind Flakpanzer
Construct Panzer Kompanie
Panzer Officer Quarters
Panzer IV Medium Tank
StuG III G Assault Gun
Nebelwerfer 42 Rocket Launcher Team
DanTheFish
Un The Supreme
A Wild Cole
Nashorn101
Lieutenant Guy
DeadlyPussyfart
Джаконда
iN7
0
0
Comments
sign in to comment!
No comments posted yet!